[Event "*** Titled Tuesday Blitz"]
[Site "Chess.com"]
[Date "2020.05.05"]
[Round "1"]
[White "heyiampotato"]
[Black "DFeco"]
[Result "1/2-1/2"]
[WhiteElo "2544"]
[BlackElo "2212"]
[TimeControl "180+1"]
[EndTime "10:07:37 PDT"]
[Termination "Game drawn by repetition"]

1. d4 d5 2. c4 c6 3. Nf3 Nf6 4. Nbd2 Bf5 5. Nh4 Bc8 6. e3 g6 7. Be2 Bg7 8. O-O O-O 9. Nhf3 Ne4 10. Nxe4 dxe4 11. Ng5 f5 12. f4 e6 13. Bd2 h6 14. Nh3 g5 15. Bb4 Re8 16. Bh5 g4 17. Bxe8 Qxe8 18. Nf2 Na6 19. Bc3 Bd7 20. Qb3 Rb8 21.
Rad1 b5 22. d5 Nc5 23. Qa3 Bf8 24. Bb4 Na4 25. Bxf8 Qxf8 26. Qxf8+ Kxf8 27. dxc6 Bxc6 28. Rd6 Be8 29. cxb5 Bxb5 30. Rc1 Nxb2 31. Rxe6 Nd3 32. Nxd3 Bxd3 33. Rxh6 Ke7 34. Rh7+ Kd6 35. Rxa7 Rb2 36. a4 Re2 37. a5 Rxe3 38. a6 Re2 39. Rg7 Ra2 40. a7 e3 41. h3 Be4 42. Rg6+ Kd7 43.
Rg7+ Kd6 44. Rg6+ Kd7 45. Rg7+ Kd6 1/2-1/2

[Event "*** Titled Tuesday Blitz"]
[Site "Chess.com"]
[Date "2020.05.05"]
[Round "1"]
[White "AshotParvanyan"]
[Black "DonBroca"]
[Result "1-0"]
[WhiteElo "2503"]
[BlackElo "2104"]
[TimeControl "180+1"]
[EndTime "10:07:37 PDT"]
[Termination "AshotParvanyan won by resignation"]

1. Nf3 g6 2. d4 Bg7 3. g3 Nf6 4. Bg2 O-O 5. O-O c5 6. c3 cxd4 7. cxd4 e6 8. Nc3 d5 9. Bf4 Nc6 10. Rc1 Bd7 11. Nb5 a6 12. Nd6 Nh5 13. Nxb7 Qb6 14.
Nc5 Rfd8 15. Bg5 f6 16. Be3 Bf8 17. b3 Ng7 18. Qd2 Rac8 19. Ne1 Nf5 20. Ned3 Ncxd4 21. Nxd7 Qd6 22. Nxf6+ Kf7 23. Rxc8 Rxc8 24. Nxh7 Be7 25. Ng5+ Kg7 26. Bxd4+ Nxd4 27. Nf3 Rc2 28. Qe3 Nxe2+ 29.
Kh1 Bf6 30. h4 Nc3 31. Ng5 Re2 32. Qa7+ Be7 33. Nf4 Rxa2 34. Qd4+ Bf6 35. Qa7+ Be7 36. Nfxe6+ Kf6 37. Qd4+ Qe5 38. Qxe5+ Kxe5 39. Re1+ Kd6 40. f4 Ne2 41. Bf3 Nxg3+ 42. Kg1 Kd7 43. Nd4 Bc5 44. Rd1 Nf5 45. Ne6 Ne3 46. Nxc5+ Kc8 47. b4 Nxd1 48.
Bxd1 Rd2 49. Be2 Rxd4 50. Bxa6+ Kd8 51. b5 Rxf4 52. Ne6+ Kd7 53. Nxf4 Kd6 54. Nxg6 Kc5 55. Kf2 d4 56. Ke2 Kb6 57. Kd2 Kc5 58. h5 d3 59. h6 Kb6 60. h7 Ka5 1-0

[Event "*** Titled Tuesday Blitz"]
[Site "Chess.com"]
[Date "2020.05.05"]
[Round "1"]
[White "Casablanca"]
[Black "Boudicca64"]
[Result "1-0"]
[WhiteElo "2476"]
[BlackElo "1920"]
[TimeControl "180+1"]
[EndTime "10:07:37 PDT"]
[Termination "Casablanca won on time"]

1. d4 Nf6 2. Bg5 h6 3. Bxf6 gxf6 4. e3 b6 5. c4 Bb7 6. Nc3 Bg7 7. Nf3 f5 8. Rc1 c5 9. d5 d6 10. Bd3 Bc8 11.
Qc2 Qd7 12. Nh4 f4 13. exf4 Qg4 14. g3 Bf6 15. Bf5 Bxf5 16. Qxf5 Qxf5 17. Nxf5 Nd7 18. Kd2 O-O-O 19. Rhe1 Rde8 20. b3 a6 21. Ne4 Kd8 22. Nxf6 Nxf6 23. h4 Kd7 24. Re2 e6 25.
dxe6+ fxe6 26. Ne3 d5 27. Rce1 Kd6 28. cxd5 exd5 29. Nf5+ Kd7 30. Rxe8 Rxe8 31. Rxe8 Kxe8 32. Nxh6 Ne4+ 33. Ke3 Nc3 34. a4 b5 35. axb5 axb5 36. Nf5 Kf7 37. Kd3 b4 38. h5 Kf6 39. h6 Kg6 40. g4 Ne4 41. Ne7+ Kf7 42. Nxd5 Nxf2+ 43. Ke2 Nxg4 44. h7 Kg7 45. Kf3 Nh6 46. Nf6 Nf5 47.
Ke4 Ne7 48. f5 1-0

[Event "*** Titled Tuesday Blitz"]
[Site "Chess.com"]
[Date "2020.05.05"]
[Round "1"]
[White "Angry_Twin"]
[Black "djano"]
[Result "1-0"]
[WhiteElo "2850"]
[BlackElo "2438"]
[TimeControl "180+1"]
[EndTime "10:07:38 PDT"]
[Termination "Angry_Twin won by resignation"]

1. e4 e5 2. Nf3 Nc6 3. Bc4 Nf6 4. d3 Be7 5. c3 O-O 6. O-O d6 7. Re1 Kh8 8. h3 Ng8 9. d4 Bf6 10. Be3 Na5 11. Bf1 Nc6 12. Nbd2 g6 13. Nc4 Bg7 14.
Qb3 Qe7 15. dxe5 dxe5 16. Qa3 Qxa3 17. Nxa3 Nf6 18. Nb5 Ne8 19. Rad1 a6 20. Na3 f6 21. Bc5 Rg8 22. Bc4 b6 23. Bxg8 Kxg8 24. Be3 Be6 25. b3 Kf7 26. Nc2 a5 27. c4 Bf8 28. Nd2 Nb4 29. Nxb4 axb4 30. Ra1 c5 31. a3 bxa3 32. Nb1 Rd8 33. Rxa3 Nd6 34. Ra6 Nxe4 35. Rxb6 f5 36. f3 Nf6 37. Bg5 Rd3 38. Na3 Nd7 39. Rb7 h6 40.
Bh4 g5 41. Bf2 Kf6 42. Nc2 Bd6 43. Kf1 h5 44. Ke2 e4 45. fxe4 fxe4 46. Rd1 Ne5 47. Ne3 g4 48. Bh4+ Kg6 49. Rf1 Nf3 50. gxf3 gxf3+ 51. Kf2 Rd2+ 52. Kg1 Bxh3 53. Rd1 f2+ 54. Bxf2 Rd3 55.
Rxd3 exd3 56. Rb6 d2 57. Rxd6+ 1-0

[Event "*** Titled Tuesday Blitz"]
[Site "Chess.com"]
[Date "2020.05.05"]
[Round "1"]
[White "Durarbayli"]
[Black "WinningButNotReally"]
[Result "0-1"]
[WhiteElo "2799"]
[BlackElo "2441"]
[TimeControl "180+1"]
[EndTime "10:07:39 PDT"]
[Termination "WinningButNotReally won on time"]

1. e4 c6 2. Nf3 d5 3. d3 Bg4 4. Nbd2 e6 5. g3 Nd7 6. h3 Bh5 7. Bg2 Bd6 8. O-O Ngf6 9. Qe1 Qc7 10. b3 O-O 11. Bb2 e5 12. Nh4 Bg6 13. Qe3 Rfe8 14. Rae1 Qa5 15. a4 Bb4 16. Rd1 Bc3 17. Bc1 Bd4 18.
Qe2 Nh5 19. Kh2 Qc7 20. Nf5 Bxf5 21. exf5 g6 22. c4 Ndf6 23. fxg6 hxg6 24. Nf3 Bc5 25. cxd5 cxd5 26. Bb2 Bd6 27. d4 e4 28. Ne5 Nd7 29. Rc1 Qd8 30. f4 Nhf6 31. f5 g5 32. Qe3 Nh5 33. f6 Ndxf6 34. Qxg5+ Kf8 35. Qh6+ Ke7 36. Ng4 Rh8 37. Qg5 Qg8 38. Qxg8 Raxg8 39. Nxf6 Bxg3+ 40. Kh1 Nxf6 41. Ba3+ Ke6 42. Rc5 Ng4 43. Rb5 Ne3 44.
Rg1 Bf2 0-1

[Event "*** Titled Tuesday Blitz"]
[Site "Chess.com"]
[Date "2020.05.05"]
[Round "1"]
[White "JulAnt"]
[Black "Fandorine"]
[Result "0-1"]
[WhiteElo "2423"]
[BlackElo "2815"]
[TimeControl "180+1"]
[EndTime "10:07:39 PDT"]
[Termination "Fandorine won by resignation"]

1. e4 e5 2. Nf3 Nc6 3. Bb5 a6 4. Ba4 d6 5. O-O Bd7 6. c3 g6 7. d4 Bg7 8. Be3 Qe7 9. Re1 Nh6 10. h3 f6 11. Nbd2 Nf7 12. Nf1 O-O 13. Bc2 Kh8 14. b4 Rad8 15. a4 exd4 16. Nxd4 Nce5 17. Qe2 c5 18.
Nf3 Nxf3+ 19. Qxf3 Bc6 20. Qe2 Rde8 21. f3 f5 22. bxc5 fxe4 23. fxe4 dxc5 24. Qc4 Nd6 25. Qxc5 Nxe4 26. Qxe7 Rxe7 27. Bxe4 Rxe4 28. Bc5 Rc8 29. Bb4 Rxe1 30. Rxe1 Bxa4 31. Re7 b6 32. Rb7 a5 33. Bd6 Bxc3 34. Kh2 Bd4 35. Ng3 Bc6 36. Re7 Kg8 37. Ne2 Bc5 38. Bxc5 bxc5 39. Ra7 a4 40. Nc3 Ra8 41.
Rc7 Ra6 42. h4 a3 43. h5 gxh5 44. Kh3 Be8 45. Rxc5 a2 0-1

[Event "*** Titled Tuesday Blitz"]
[Site "Chess.com"]
[Date "2020.05.05"]
[Round "1"]
[White "Fins0905"]
[Black "Danfii"]
[Result "1-0"]
[WhiteElo "2668"]
[BlackElo "2337"]
[TimeControl "180+1"]
[EndTime "10:07:39 PDT"]
[Termination "Fins0905 won by resignation"]

1. Nf3 d5 2. d4 Nf6 3. c4 e6 4. Bg5 Be7 5. Nc3 h6 6. Bh4 O-O 7. e3 b6 8. cxd5 Nxd5 9. Nxd5 Bxh4 10. Nc3 Be7 11. Bd3 Bb7 12. O-O Nd7 13. Qe2 c5 14. Rfd1 cxd4 15. Nxd4 Bf6 16. Be4 Bxe4 17. Nxe4 Rc8 18. Nb5 a6 19. Nxf6+ gxf6 20. Nd6 Rc6 21. Qg4+ Kh8 22. Qh5 Kg7 23. Rd4 f5 24. Rad1 Qg5 25. Qf3 Ne5 26. Qe2 Kh7 27. h3 Rg8 28. f4 Qg7 29.
fxe5 Qxe5 30. Nxf7 Qf6 31. Rd7 Rg7 32. Nd8 Rc7 33.
Rxc7 Rxc7 34. Qd2 Rg7 35. Qd4 Qg6 36. Rd2 Qg3 37. Kf1 Rc7 38. Rd1 e5 39. Qd2 Rf7 40.
Qf2 Qg5 41. Nxf7 Qf6 42. Nd6 e4 43. Qxf5+ Qxf5+ 44. Nxf5 Kg6 45. Ng3 Kf7 46. Nxe4 Ke6 47. Nf2 Ke5 48. Ke2 Ke6 49. Kf3 b5 50. Rd4 Ke7 51.
Re4+ 1-0

[Event "*** Titled Tuesday Blitz"]
[Site "Chess.com"]
[Date "2020.05.05"]
[Round "1"]
[White "ChadBiryani"]
[Black "Zavgorodniy_Serg"]
[Result "1-0"]
[WhiteElo "2373"]
[BlackElo "2673"]
[TimeControl "180+1"]
[EndTime "10:07:41 PDT"]
[Termination "ChadBiryani won by checkmate"]

1. d4 Nf6 2. Bf4 d6 3. e3 g6 4. Be2 Bg7 5. Nf3 b6 6. O-O Bb7 7. Nbd2 Nbd7 8. h3 O-O 9. c3 e6 10. a4 a6 11. Bh2 Qe7 12. Re1 e5 13. dxe5 dxe5 14. Qc2 Rad8 15. Rad1 Rfe8 16. Bc4 e4 17. Ng5 Rf8 18. Bxc7 Rc8 19. Bh2 h6 20. Nxf7 Rxf7 21. Bxf7+ Qxf7 22. Nb3 Qe7 23. Rd6 Ne8 24. Rd2 Ne5 25.
Bxe5 Qxe5 26. Red1 Nf6 27. Rd8+ Rxd8 28. Rxd8+ Kh7 29. Qd1 Bd5 30. Qd4 Qe6 31. Nd2 Nd7 32. Qb4 h5 33. a5 b5 34. Nf1 h4 35. Nd2 Bf6 36. Rc8 Be7 37. Qd4 Bf6 38. Qa7 Kh6 39. Rc7 Ne5 40. Rh7+ Kg5 41. Nf1 Nd3 42. Qc7 Qf5 43. f4+ exf3 44. g4 hxg3 45. h4+ Kg4 46.
Qxg3# 1-0

[Event "*** Titled Tuesday Blitz"]
[Site "Chess.com"]
[Date "2020.05.05"]
[Round "1"]
[White "Stewie_89"]
[Black "AndriiTop"]
[Result "1-0"]
[WhiteElo "2622"]
[BlackElo "2296"]
[TimeControl "180+1"]
[EndTime "10:07:41 PDT"]
[Termination "Stewie_89 won by resignation"]

1. e4 c6 2. d4 d5 3. Bd2 dxe4 4.
Be3 Nf6 5. h3 Qb6 6. Qc1 Bf5 7. g4 Bg6 8. Bg2 Nbd7 9. Nc3 e6 10. Nge2 Bb4 11. a3 Bxc3+ 12. Nxc3 Qa6 13. g5 Nd5 14. Nxe4 Bxe4 15. Bxe4 Nxe3 16. Qxe3 Nb6 17. O-O-O O-O-O 18. h4 Nc4 19. Qc3 Nd6 20. Bf3 Qb6 21. Rd2 Nb5 22. Qe3 Rxd4 23. Rhd1 Rxd2 24. Qxd2 Rd8 25. Qf4 Rxd1+ 26. Bxd1 Qc7 27. Qe4 g6 28. c4 Nd6 29. Qd4 Qd8 30. Bc2 Kc7 31. Qf4 c5 32. b4 b6 33. Qe5 Qd7 34. bxc5 bxc5 35. Qxc5+ Qc6 36. Qxa7+ Qb7 37. Qxb7+ Nxb7 38. Kd2 Kd6 39.
f4 Kc5 40. Kc3 Nd6 41. Bd3 Ne8 42. a4 Nc7 43. a5 Na6 44. Be4 Nc7 45. Bb7 Ne8 46.
a6 Kb6 47. Kd4 Nc7 48. Ke5 Kc5 49. Kf6 Kxc4 50. Kxf7 Kd4 51. a7 e5 52. fxe5 Kxe5 53. a8=Q Nxa8 54. Bxa8 Kf4 55. Kg7 Kg4 56. Kxh7 Kxh4 57.
Kxg6 1-0

[Event "*** Titled Tuesday Blitz"]
[Site "Chess.com"]
[Date "2020.05.05"]
[Round "1"]
[White "ALeks_Ivlev"]
[Black "ecwinslow"]
[Result "1-0"]
[WhiteElo "2568"]
[BlackElo "2236"]
[TimeControl "180+1"]
[EndTime "10:07:43 PDT"]
[Termination "ALeks_Ivlev won on time"]

1. d4 Nf6 2. c4 g6 3. Nc3 Bg7 4.
e4 d6 5. Be2 O-O 6. Bg5 c5 7.
d5 h6 8. Be3 e6 9. dxe6 Bxe6 10.
h3 Nc6 11. Nf3 Re8 12. O-O Qb6 13. Qd2 Kh7 14. b3 Rad8 15. Rad1 a6 16. Qc1 Qa5 17. Rd3 Bc8 18. Rfd1 Nxe4 19. Nxe4 Rxe4 20. Rxd6 Rxd6 21.
Rxd6 Qxa2 22. Bxc5 Qxe2 23. Be3 Rxe3 24. Qxe3 Qxe3 25. fxe3 Bc3 26. Kf2 Be6 27. Nd4 Ne5 28. Nxe6 fxe6 29. Rxe6 b5 30. Rxa6 b4 31. c5 Nd3+ 32. Ke2 Nxc5 33. Ra7+ Kg8 34. Rc7 Nxb3 35. Kd3 Nd2 36. g4 Kf8 37. h4 h5 38. gxh5 gxh5 39.
Rc5 Ke7 40. Rxh5 Nf3 41. Rh7+ Kf6 42. h5 Ne5+ 43. Kc2 Nc4 44. Kb3 Nxe3 45. Rh8 Kg7 46.
Re8 Nf5 47. Rb8 Ng3 48. Rb7+ 1-0

[Event "*** Titled Tuesday Blitz"]
[Site "Chess.com"]
[Date "2020.05.05"]
[Round "1"]
[White "RianKapriaga"]
[Black "turayev_shahruh17"]
[Result "0-1"]
[WhiteElo "2144"]
[BlackElo "2519"]
[TimeControl "180+1"]
[EndTime "10:07:43 PDT"]
[Termination "turayev_shahruh17 won on time"]

1. d4 d5 2. Nf3 Nf6 3. Bf4 c5 4.
e3 Nc6 5. Nbd2 Qb6 6. dxc5 Qxb2 7. Rb1 Qxa2 8. c4 Qa5 9. Be2 e6 10. O-O a6 11. cxd5 Nxd5 12. Nc4 Qxc5 13. Rc1 Qb4 14.
Bg3 Be7 15. Qc2 O-O 16. Rfd1 Bd7 17. e4 Nf6 18. Rb1 Qc5 19. Rxb7 Nb4 20. Qb3 Bb5 21. Nd4 Nxe4 22. Nxb5 axb5 23. Nb6 Rad8 24. Nd7 Nxg3 25. hxg3 Qc6 26. Rb6 Qc7 27. Bxb5 Nd5 28. Nxf8 Qxb6 29. Nxe6 fxe6 30. Bc4 Qxb3 31. Bxb3 Nc3 32.
Bxe6+ Kf8 33. Rxd8+ Bxd8 34. Bf5 g6 35. Bc2 Ke7 36. Kh2 Bb6 37. f4 Kf6 38. g4 Bc7 39. g3 h6 40. Kh3 g5 41. f5 Ne2 0-1

[Event "*** Titled Tuesday Blitz"]
[Site "Chess.com"]
[Date "2020.05.05"]
[Round "1"]
[White "HansCoolNiemann"]
[Black "chesstrainer2042"]
[Result "1-0"]
[WhiteElo "2838"]
[BlackElo "2428"]
[TimeControl "180+1"]
[EndTime "10:07:44 PDT"]
[Termination "HansCoolNiemann won on time"]

1. d4 Nf6 2. Nc3 e6 3. e4 d5 4. e5 Nfd7 5. f4 c5 6. Nf3 Nc6 7. Be3 b6 8. Qd2 Bb7 9. Be2 Be7 10. Nd1 cxd4 11. Nxd4 O-O 12. Nf2 Nc5 13. O-O Rc8 14. Rad1 Qc7 15. c3 Ne4 16. Nxe4 dxe4 17. f5 Qxe5 18. Bf4 Qf6 19. fxe6 Nxd4 20. exf7+ Rxf7 21. cxd4 Qg6 22. Be3 Bd5 23. b3 h6 24. h3 Rcf8 25.
Rxf7 Rxf7 26. Bc4 Qe6 27. Qc2 Kh7 28. Re1 Bh4 29. Re2 Qf5 30. Qb1 Bg3 31. a4 Rc7 32. Rc2 h5 33. Rc1 Rf7 34. Rf1 Qg6 35. Bxd5 Rxf1+ 36. Qxf1 Bd6 37. Qb1 Qg3 38. Bf2 Qh2+ 39. Kf1 Qh1+ 40. Bg1 Bh2 41. Qxe4+ 1-0

[Event "*** Titled Tuesday Blitz"]
[Site "Chess.com"]
[Date "2020.05.05"]
[Round "1"]
[White "IAgrest"]
[Black "nurgyulsalimova"]
[Result "0-1"]
[WhiteElo "2239"]
[BlackElo "2571"]
[TimeControl "180+1"]
[EndTime "10:07:44 PDT"]
[Termination "nurgyulsalimova won on time"]

1. e4 c6 2. d4 d5 3. f3 e6 4. Nc3 Bb4 5. Bf4 Ne7 6. Qd3 b6 7.
Ne2 Ba6 8. Qe3 O-O 9. O-O-O c5 10. Kb1 Nbc6 11. exd5 exd5 12. Bg5 Re8 13. Qf4 f6 14. Bh4 Ng6 15. Qg4 Bxc3 16. Nxc3 Bxf1 17. Rhxf1 Nxd4 18.
Bf2 Ne5 19. Qg3 Nf5 20. Qh3 Ne7 21. Qe6+ Kh8 22. Nxd5 Nxd5 23. Qxd5 Qc7 24. Qb3 Rad8 25. a3 Nc6 26. h3 h6 27. Rfe1 Rxd1+ 28. Rxd1 Rd8 29.
Re1 Qd7 30. Qc4 Qd2 31. Qe2 Qd7 32. Qc4 Ne5 33. Qc3 Qc6 34. Bg3 Ng6 35. h4 Kh7 36. h5 Nf8 37. Qe3 Nd7 38. Qd3+ Kh8 39. Qg6 Nf8 40. Qf7 Qd7 0-1

[Event "*** Titled Tuesday Blitz"]
[Site "Chess.com"]
[Date "2020.05.05"]
[Round "1"]
[White "Ariadna_Atreides"]
[Black "DrBergerBerger"]
[Result "0-1"]
[WhiteElo "1991"]
[BlackElo "2480"]
[TimeControl "180+1"]
[EndTime "10:07:44 PDT"]
[Termination "DrBergerBerger won on time"]

1. Nf3 c5 2. g3 g6 3. Bg2 Bg7 4. O-O Nc6 5. d3 e6 6. e4 Nge7 7.
c3 O-O 8. Be3 b6 9. a4 d5 10.
Qd2 Ba6 11. Rd1 d4 12. cxd4 Nxd4 13. Nxd4 Bxd4 14. Bh6 Re8 15. Na3 Nc6 16. Nb5 Bg7 17.
Bxg7 Kxg7 18. Qc3+ e5 19. Qb3 Bxb5 20. Qxb5 Nd4 21. Qc4 Qd6 22. Kh1 h5 23. Rac1 a5 24. Qd5 Rad8 25. Qxd6 Rxd6 26. Bf1 h4 27. Kg2 f5 28.
exf5 gxf5 29. f3 Rg6 30. Re1 Kf6 31. f4 e4 32. dxe4 fxe4 33. Re3 Nf5 34. Re2 hxg3 35. hxg3 Rxg3+ 36. Kf2 e3+ 37. Ke1 Nd4 38. Rh2 e2 39.
Rh6+ Kg7 40. Rxb6 Rg1 41. Rxc5 exf1=Q+ 42. Kd2 Rg2+ 0-1

[Event "*** Titled Tuesday Blitz"]
[Site "Chess.com"]
[Date "2020.05.05"]
[Round "1"]
[White "cassoulet"]
[Black "2165149677570"]
[Result "1/2-1/2"]
[WhiteElo "2609"]
[BlackElo "2305"]
[TimeControl "180+1"]
[EndTime "10:07:45 PDT"]
[Termination "Game drawn by agreement"]

1. e4 c5 2. Nf3 d6 3. d4 cxd4 4. Nxd4 Nf6 5. Nc3 a6 6. Bd3 e5 7. Nde2 Be6 8. O-O Be7 9. Kh1 Nbd7 10. f4 Qc7 11. Be3 exf4 12. Nxf4 O-O 13. Ncd5 Qd8 14.
Bd4 Ne5 15. Qe1 Nxd5 16. exd5 Nxd3 17. cxd3 Bf5 18. Nh5 Bxd3 19. Bxg7 Bh4 20. Nf6+ Qxf6 21. Bxf6 Bxe1 22. Rfxe1 Rfe8 23. Be7 Rac8 24. Bxd6 Rxe1+ 25. Rxe1 Rd8 26. Bb4 Rxd5 27. Bc3 Rd8 28. Kg1 Bb5 29. Re7 Bc6 30. Kf2 h5 31. Re5 Rd5 32. Re3 Kh7 33. h4 Kg6 34. g3 Rf5+ 35. Ke2 Bb5+ 36. Kd2 Rf2+ 37. Kc1 Rf1+ 38. Kc2 Rf2+ 39. Kb3 Rf5 40. a4 Bc6 41. Kb4 Bd5 42. a5 Bc6 43. Kc4 Bb5+ 44. Kd4 Bc6 45. Kd3 Rd5+ 46. Ke2 Rf5 47. Kd2 Bb5 48.
Be5 Rf2+ 49. Kc3 Bc6 50. Kb4 Rf3 51. Rxf3 Bxf3 52. Kc5 Bc6 53. Bf4 Kf5 54. Kd6 Kg6 55.
Ke7 Bf3 56. Kf8 Bg2 57. Ke7 Bc6 58. Kd6 Bb5 59. Ke5 Bc6 60. Be3 Bb5 61. Bf2 Bc6 62.
Kf4 Bb5 1/2-1/2

[Event "*** Titled Tuesday Blitz"]
[Site "Chess.com"]
[Date "2020.05.05"]
[Round "1"]
[White "hongnhung1234"]
[Black "Zq1"]
[Result "1/2-1/2"]
[WhiteElo "2208"]
[BlackElo "2540"]
[TimeControl "180+1"]
[EndTime "10:07:45 PDT"]
[Termination "Game drawn by repetition"]

1. e4 c5 2. Nc3 g6 3. f4 Bg7 4. Nf3 Nc6 5. Bc4 e6 6. O-O Nge7 7. d3 O-O 8. Qe1 a6 9. a4 d5 10. Bb3 Nd4 11. Nxd4 cxd4 12. Ne2 dxe4 13. dxe4 d3 14. Nc3 Nc6 15. Be3 Nd4 16. Rd1 dxc2 17. Bxc2 Nxc2 18.
Rxd8 Nxe1 19. Rxf8+ Kxf8 20. Rxe1 Bxc3 21. bxc3 Bd7 22.
a5 Bc6 23. Bc5+ Ke8 24. Rd1 Bxe4 25. Rd4 Rc8 26. Bb6 Bd5 27. Rd3 h5 28. Kf2 Rc4 29.
g3 Ra4 30. Ke3 Kd7 31. Rd4 Ra3 32. Rd3 Ra4 33. Rd4 Rc4 34. Rxc4 Bxc4 35. Kd4 Bd5 36. c4 Bc6 37. Ke5 Bg2 38. Kf6 Ke8 39. Bd4 Bf1 40. c5 Bc4 41. Be5 Bd3 42. Bc7 Bf5 43. Bb6 Kd7 44. Kxf7 Kc6 45. Kf6 Kd5 46. Kg5 Ke4 47. Kh4 Kf3 48. h3 Bd3 49. Bc7 Kg2 50. g4 hxg4 51. hxg4 Kf3 52. Kg5 Ke3 53. Kf6 Kf3 54.
Kxe6 Kxg4 55. Kd7 Be4 56. Ke6 Bf5+ 57. Kd6 Kf3 58. Ke7 Be4 59. Kf6 Ke3 60. Bb6 Kd3 61.
Ke5 Bf5 62. Kd6 Be4 63. Ke5 Bc6 64. Kf6 Be8 65. Ke7 Bc6 66. Kf6 Be4 67. Ke5 1/2-1/2

[Event "*** Titled Tuesday Blitz"]
[Site "Chess.com"]
[Date "2020.05.05"]
[Round "1"]
[White "Petrosyan_Tigran"]
[Black "Vesper2018"]
[Result "1-0"]
[WhiteElo "2509"]
[BlackElo "2122"]
[TimeControl "180+1"]
[EndTime "10:07:45 PDT"]
[Termination "Petrosyan_Tigran won by resignation"]

1. Nf3 Nf6 2. c4 g6 3. Nc3 Bg7 4. e4 d6 5. d4 O-O 6. Be2 e5 7. Be3 exd4 8. Nxd4 Re8 9. f3 c6 10. Bf2 d5 11. exd5 cxd5 12. O-O Nc6 13. c5 Bf8 14.
Nb3 Be6 15. Nb5 Rc8 16. N5d4 Nxd4 17. Bxd4 Nh5 18. Qd2 Qh4 19. f4 Bh6 20. Bxh5 Qxh5 21. Bc3 Bg7 22. Bxg7 Kxg7 23. Qd4+ f6 24. Rae1 Bf7 25.
Nd2 Re2 26. Nf3 Rce8 27. Rxe2 Rxe2 28. Rf2 Re4 29. Qd2 Qf5 30. Nd4 Qc8 31. b4 Qe8 32. h3 Re3 33. Re2 Rxe2 34. Qxe2 Qa4 35. Qd2 a6 36. Kh2 Qe8 37. f5 Qe4 38. Qf2 g5 39. a3 h5 40. a4 g4 41. hxg4 hxg4 42. Kg3 Be8 43. Qf4 Qd3+ 44. Kxg4 Qd1+ 45. Kh4 Bf7 46.
Qg4+ Kf8 47. Qxd1 1-0

[Event "*** Titled Tuesday Blitz"]
[Site "Chess.com"]
[Date "2020.05.05"]
[Round "1"]
[White "MPGM"]
[Black "tamarozi99"]
[Result "1-0"]
[WhiteElo "2481"]
[BlackElo "2007"]
[TimeControl "180+1"]
[EndTime "10:07:45 PDT"]
[Termination "MPGM won by resignation"]

1. d4 Nf6 2. Bg5 g6 3. Nd2 Bg7 4. e4 d6 5. Bd3 Nbd7 6. Ngf3 e5 7.
c3 O-O 8. O-O h6 9. Bh4 Re8 10.
Re1 g5 11. Bg3 Nh5 12. a4 a5 13. dxe5 Nxg3 14. hxg3 Nxe5 15. Nxe5 Bxe5 16. Be2 Bg7 17. Bg4 Be6 18. Qf3 Bxg4 19. Qxg4 Qf6 20. Re3 Re6 21. Rf3 Qg6 22. Rf5 Rae8 23. Rxa5 Bf6 24. Rf5 h5 25. Qf3 g4 26. Qf4 Be5 27. Qe3 Bf6 28.
Qf4 Be5 29. Qg5 Qxg5 30. Rxg5+ Kh7 31. Rxh5+ Kg6 32. Rf5 Rh8 33. Re1 d5 34. exd5 Kxf5 35. dxe6 fxe6 36. Nc4 Bf6 37. a5 Ra8 38. Kf1 Rd8 39.
Ke2 e5 40. Rh1 Rd5 41. Ne3+ Ke6 42. Nxd5 Kxd5 43. Rh6 Be7 44. Rg6 Kc4 45. Rxg4+ Kb3 46.
Rg7 Bd6 47. g4 Kxb2 48. g5 Kxc3 49. g6 e4 50. Rxc7+ Bxc7 51. g7 Bxa5 52. g8=Q b5 53. Qd5 Bb4 54. g4 1-0

[Event "*** Titled Tuesday Blitz"]
[Site "Chess.com"]
[Date "2020.05.05"]
[Round "1"]
[White "White_Ghost"]
[Black "eljanov"]
[Result "0-1"]
[WhiteElo "2459"]
[BlackElo "2938"]
[TimeControl "180+1"]
[EndTime "10:07:46 PDT"]
[Termination "eljanov won by resignation"]

1. d4 Nf6 2. c4 e6 3. Nf3 b6 4.
g3 Bb7 5. Bg2 Be7 6. O-O O-O 7.
Nc3 Ne4 8. Nxe4 Bxe4 9. Qd2 d5 10.
cxd5 Qxd5 11. Rd1 Nc6 12. Nh4 Bxh4 13. f3 Bf6 14. fxe4 Qxd4+ 15. Qxd4 Bxd4+ 16. Kf1 Rad8 17. Bf4 Bxb2 18. Rxd8 Rxd8 19. Rb1 Be5 20. Rc1 Bxf4 21. gxf4 Nd4 22. Rxc7 Nb5 23. Rb7 g6 24. a4 Nc3 25.
Rxa7 Rd4 26. a5 bxa5 27. Rxa5 Nxe4 28. e3 Rd1+ 29. Ke2 Rd2+ 30. Kf1 Nf6 31. h3 Kg7 32. Ra1 Nh5 33. Re1 Ng3+ 34. Kg1 h6 35. Kh2 Nf5 36. Kg1 g5 37. Kf1 Ng3+ 38. Kg1 gxf4 39. exf4 Ne2+ 40.
Kh1 Nxf4 41. Bf1 f5 42. Re3 Kf6 43. Kg1 e5 44. h4 e4 45. Ra3 Nd5 46. Ra5 f4 47. Ra6+ Ke5 48. Ra5 f3 49. Bc4 e3 50.
Bxd5 Rxd5 51. Ra3 Kf4 52. Ra4+ Kg3 53. Ra1 e2 0-1

[Event "*** Titled Tuesday Blitz"]
[Site "Chess.com"]
[Date "2020.05.05"]
[Round "1"]
[White "ahachess"]
[Black "Twitch_ElhamBlitz05"]
[Result "1-0"]
[WhiteElo "2349"]
[BlackElo "2644"]
[TimeControl "180+1"]
[EndTime "10:07:46 PDT"]
[Termination "ahachess won by checkmate"]

1. d4 Nf6 2. c4 e6 3. Nf3 d5 4.
Qc2 Be7 5. Bg5 O-O 6. e3 h6 7.
Bh4 c6 8. Nc3 Nbd7 9. Rd1 b6 10.
cxd5 exd5 11. Bd3 Bb7 12. O-O Rc8 13. Bf5 Re8 14. Ne5 c5 15. f4 cxd4 16. exd4 Rc7 17.
Kh1 Nxe5 18. fxe5 Ne4 19. Be1 Bh4 20. g3 Bg5 21. Qg2 Nxc3 22. Bxc3 Qe7 23. h4 Bxh4 24. gxh4 Qxh4+ 25. Qh3 Qxh3+ 26. Bxh3 Ba6 27. Rf2 Ree7 28. Kh2 Rc6 29. Bg2 Rg6 30. Bxd5 Rg5 31. Rdd2 Rh5+ 32. Kg1 Bc8 33. Rh2 Rg5+ 34. Rhg2 Rh5 35. Rh2 Rg5+ 36.
Rdg2 Rf5 37. Rxh6 Rf4 38. Rhg6 Rd7 39. Rxg7+ Kf8 40. Bc4 Rc7 41. Be2 Ke7 42. Bb4+ Ke8 43. Bb5+ Bd7 44. Rg8# 1-0

[Event "*** Titled Tuesday Blitz"]
[Site "Chess.com"]
[Date "2020.05.05"]
[Round "1"]
[White "czasnaszachy"]
[Black "jguerramzllo"]
[Result "0-1"]
[WhiteElo "2311"]
[BlackElo "2632"]
[TimeControl "180+1"]
[EndTime "10:07:46 PDT"]
[Termination "jguerramzllo won by resignation"]

1. d4 d5 2. c4 dxc4 3. e3 Nf6 4. Bxc4 e6 5. Nf3 a6 6. O-O c5 7. Nc3 cxd4 8. exd4 Be7 9. Bf4 Nc6 10. Qd2 O-O 11. Rad1 b5 12. Bd3 Bb7 13. Ne4 Rc8 14. Nxf6+ Bxf6 15. Be5 Nxe5 16. Nxe5 g6 17. Bb1 Qd5 18. f3 Bxe5 19.
dxe5 Qxe5 20. Rfe1 Qc5+ 21. Kh1 Bd5 22. b3 Qc3 23. Qe2 Rfd8 24. Rd3 Qf6 25. Red1 Rc7 26. R3d2 Rdc8 27. Qe1 h5 28. Be4 Bxe4 29. Qxe4 Rc1 30. h3 Rxd1+ 31. Rxd1 Kg7 32. Kh2 Rc5 33. Re1 h4 34. Re2 Rd5 35. Qg4 Rd4 36. Re4 Rxe4 37. Qxe4 g5 38. Qg4 Qf4+ 39. Qxf4 gxf4 40. Kg1 Kf6 41.
Kf2 Ke5 42. Ke2 Kd4 43. Kd2 b4 44. Ke2 e5 45. Kd2 f5 46. Ke2 e4 47. Kd2 e3+ 48. Ke2 Kc3 49. Ke1 Kb2 0-1

[Event "*** Titled Tuesday Blitz"]
[Site "Chess.com"]
[Date "2020.05.05"]
[Round "1"]
[White "harvsp123"]
[Black "Larina_Marija"]
[Result "1-0"]
[WhiteElo "2523"]
[BlackElo "2149"]
[TimeControl "180+1"]
[EndTime "10:07:46 PDT"]
[Termination "harvsp123 won on time"]

1. d4 f5 2. Nf3 Nf6 3. g3 g6 4. Bg2 Bg7 5. O-O O-O 6. Nbd2 d6 7.
c3 Kh8 8. Re1 Nc6 9. b4 a6 10. e4 e5 11. dxe5 dxe5 12. Qc2 Nh5 13. a4 f4 14. Ba3 Re8 15. Nc4 Be6 16. Red1 Qc8 17. Qd3 Rd8 18. Qe2 Bh3 19. b5 Bxg2 20.
Kxg2 axb5 21. axb5 Rxd1 22. Rxd1 Nd8 23. Nfxe5 Qe6 24.
Rd5 Nf7 25. Nxf7+ Qxf7 26. Qd3 Bf6 27. Rd7 Qe6 28. e5 Bg5 29. Rxc7 fxg3 30. hxg3 Qg4 31.
Qd7 Nf4+ 32. Kg1 Nh3+ 33. Kh2 Qxd7 34. Rxd7 Nxf2 35. Rxb7 Ra4 36. Rc7 Ng4+ 37. Kg1 1-0